 Dungeon Crawl Stone Soup version 0.25.0-9-g26727b657a (webtiles) character file.

Game seed: 8734295037021165930

227 Esekla the Ducker (level 5, 0/29 HPs)
             Began as a Deep Elf Warper on June 20, 2020.
             Slain by a leopard gecko (5 damage)
             ... on level 3 of the Dungeon.
             The game lasted 00:32:51 (5641 turns).

Esekla the Ducker (Deep Elf Warper)                 Turns: 5641, Time: 00:32:51

Health: 0/29       AC:  3    Str:  8    XL:     5   Next: 70%
Magic:  9/11       EV: 14    Int: 18    God:
Gold:   205        SH:  0    Dex: 15    Spells: 6/10 levels left

rFire    . . .     SeeInvis .   v - +2 dagger (venom)
rCold    . . .     Gourm    .   (no shield)
rNeg     + . .     Faith    .   n - +1 robe {rN+}
rPois    .         Spirit   .   (no helmet)
rElec    .         Reflect  .   (no cloak)
rCorr    +         Harm     .   (no gloves)
MR       .....                  (no boots)
Stlth    +.........             (no amulet)
HPRegen  0.09/turn              t - ring of resist corrosion
MPRegen  0.12/turn              (no ring)

@: shrouded
A: no striking features
a: no special abilities


You were on level 3 of the Dungeon.
You were very hungry.

You visited 1 branch of the dungeon, and saw 5 of its levels.

You collected 205 gold pieces.

Inventory:

Hand Weapons
 a - a +0 falchion
 h - a +0 spear
 v - a +2 dagger of venom (weapon)
Missiles
 b - 2 poisoned darts (quivered)
 e - 3 boomerangs of dispersal
Armour
 n - a +1 robe of positive energy (worn)
Jewellery
 i - an uncursed amulet of faith
 t - a ring of resist corrosion (left hand)
Scrolls
 c - 3 scrolls of teleportation
 d - 2 scrolls of blinking
 j - a scroll of random uselessness {unknown}
 p - a scroll of remove curse
 s - 2 scrolls of amnesia {unknown}
 w - a scroll of magic mapping
Potions
 g - 5 potions of heal wounds
 k - a potion of lignification {unknown}
 l - a potion of berserk rage {unknown}
 m - 2 potions of curing
 o - a potion of might {unknown}
 q - a potion of brilliance
Comestibles
 f - 2 rations


   Skills:
 - Level 1.5 Fighting
 + Level 0.1(2.4) Short Blades
 * Level 3.7 Long Blades
 + Level 1.5 Throwing
 - Level 0.7 Armour
 * Level 4.3 Dodging
 - Level 3.0 Spellcasting
 + Level 2.8 Charms
 + Level 3.8 Translocations


You had 6 spell levels left.
You knew the following spells:

 Your Spells              Type           Power        Failure   Level  Hunger
a - Shroud of Golubria    Chrm/Tloc      ##....       6%          2    ##.....
b - Blink                 Tloc           N/A          4%          2    ##.....

Your spell library contained the following spells:

 Spells                   Type           Power        Failure   Level  Hunger
 Gell's Gravitas          Tloc           ###.......   10%         3    ###....
 Lesser Beckoning         Tloc           ###.......   10%         3    ###....
 Teleport Other           Tloc           ###.....     10%         3    ###....
 Passage of Golubria      Tloc           N/A          32%         4    ####...


Dungeon Overview and Level Annotations

Branches:
Dungeon (5/15)
 Temple: D:4-7

Altars:

Annotations:
D:3 Grinder, Sigmund


Message History

You are feeling very hungry.
You start resting.
Your magical contamination has completely faded away.
You start resting.
A leopard gecko comes into view.
The leopard gecko moves out of view.
You start resting.
Magic restored.
You start resting.
The leopard gecko is too close now for your liking.
Casting: Blink (safe; 4% risk of failure)
Confirm with . or Enter, or press ? or * to list all spells.
Space distorts slightly along a thin shroud covering your body.
The leopard gecko hisses angrily.
A quokka comes into view.
The leopard gecko bites you.
* * * LOW HITPOINT WARNING * * *
You hit the leopard gecko but do no damage.
The leopard gecko is poisoned.
The leopard gecko bites you.
You die...

.# .# .# #
##.# .[#
...# ...##
#..# ....
#########..#
....
.......@l>.#
..#.
...###.##..#
..# #. #..#
..# #. ##.#
..# #. .#
..# ## ##
..# #.# ..#


You could see a leopard gecko (very poisoned).

Vanquished Creatures
  A scorpion (D:4)
  A jelly (D:4)
  An orc priest (D:2)
  An orc wizard (D:3)
  2 adders (D:4)
  3 dart slugs
  2 leopard geckos
  4 orcs
  A ball python (D:4)
  6 bats
  2 giant cockroaches
  4 goblins
  5 hobgoblins
  6 jackals
  4 quokkas
  A frilled lizard (D:2)
  7 kobolds (D:1)
  2 rats (D:1)
53 creatures vanquished.

Notes
Turn   | Place    | Note
-------+----------+-------------------------------------------
     0 | D:1      | Esekla the Deep Elf Warper began the quest for the Orb.
     0 | D:1      | Reached XP level 1. HP: 12/12 MP: 6/6
   646 | D:1      | Reached skill level 3 in Dodging
   646 | D:1      | Reached XP level 2. HP: 5/16 MP: 8/8
   650 | D:1      | Learned a level 2 spell: Shroud of Golubria
   653 | D:1      | Learned a level 2 spell: Blink
  1909 | D:1      | Reached XP level 3. HP: 20/20 MP: 7/9
  2099 | D:2      | Reached skill level 1 in Charms
  2436 | D:3      | Reached XP level 4. HP: 16/25 MP: 10/10
  2632 | D:3      | Noticed Grinder
  3450 | D:3      | Paralysed by Grinder for 4 turns
  3453 | D:3      | Noticed Sigmund
  3523 | D:3      | Paralysed by Grinder for 2 turns
  3735 | D:2      | Reached skill level 4 in Dodging
  3797 | D:4      | HP: 1/25 [acid (5)]
  4127 | D:4      | Reached XP level 5. HP: 18/29 MP: 9/11
  4263 | D:4      | Got a brightly glowing lead ring
  4264 | D:4      | Identified the cursed ring "Plog" {Str-4 Int+3} (You found
                  | it on level 4 of the Dungeon)
  5493 | D:5      | Entered Level 5 of the Dungeon
  5641 | D:3      | Slain by a leopard gecko

Illustrated notes

Levels and vault maps discovered:
D:1:      tarquinn_simple_flora_water_d, layout_basic
D:2:      layout_loops_ring, hex_large
D:3:      layout_basic, serial_bayou_ford_a, uniq_ijyb, uniq_sigmund,
          uniq_grinder
D:4:      layout_basic, first_ration
D:5:      layout_loops_ring

Skill      XL: |  1  2  3  4 |
---------------+-------------+-----
Long Blades    | 2 3 |  3.7
Dodging        | 3 4 |  4.3
Charms         | 1 2 |  2.8
Fighting       | |  1.5
Short Blades   | |  0.1
Throwing       | |  1.5
Armour         | |  0.7
Spellcasting   | |  3.0
Translocations | |  3.8

Action                   |  1- 3 |  4- 6 || total
-------------------------+-------+-------++-------
Melee: Falchion          |    96 |    97 ||   193
       Dagger            |       |    13 ||    13
Throw: Dart              |    13 |     9 ||    22
       Boomerang         |       |     2 ||     2
 Cast: Shroud of Golubri |    19 |    25 ||    44
       Blink             |       |     5 ||     5
  Use: Scroll            |       |    10 ||    10
 Stab: Sleeping          |     2 |       ||     2
  Eat: Chunk             |     6 |     7 ||    13
       Ration            |       |     1 ||     1
Armor: Robe              |     4 |    15 ||    19
Dodge: Dodged            |    67 |    93 ||   160
       Rpst.: Falchion   |    26 |    28 ||    54
